 Dungeon Crawl Stone Soup version 0.28-a0-476-g0f06bd746f (webtiles) character file.

Game seed: 3794327656268816885

2183 Squid the Cleaver (level 9, -1/81 HPs)
             Began as a Hill Orc Berserker on Sept 16, 2021.
             Was a Priest of Trog.
             Slain by Pikel (19 damage)
             ... on level 5 of the Dungeon.
             The game lasted 00:16:53 (7270 turns).

Squid the Cleaver (Hill Orc Berserker)              Turns: 7270, Time: 00:16:54

Health: -1/81      AC: 12    Str: 23    XL:     9   Next: 33%
Magic:  9/9        EV:  8    Int:  7    God:    Trog [***...]
Gold:   234        SH:  0    Dex: 10    Spells: 8/8 levels left

rFire   . . .      SeeInvis .   a - +2 hand axe
rCold   . . .      Faith    .   (no shield)
rNeg    . . .      Spirit   .   j - +2 chain mail
rPois   .          Reflect  .   (no helmet)
rElec   .          Harm     .   (no cloak)
rCorr   .          Rampage  .   (no gloves)
Will    ++...                   (no boots)
Stlth   ..........              (no amulet)
HPRegen 1.23/turn               (no ring)
MPRegen 0.11/turn               (no ring)

@: strong-willed, on berserk cooldown, regenerating, slowed, very slow
A: no striking features
a: Renounce Religion, Berserk, Trog's Hand


You were on level 5 of the Dungeon.
You worshipped Trog.
Trog was most pleased with you.
You visited 1 branch of the dungeon, and saw 5 of its levels.

You collected 234 gold pieces.

Inventory:

Hand Weapons
 a - a +2 hand axe (weapon)
Missiles
 l - 2 throwing nets
Armour
 j - a +2 chain mail (worn)
Wands
 h - a wand of acid (1)
 i - a wand of flame (15) (quivered)
Scrolls
 e - a scroll of immolation
 f - a scroll of fear
 g - 3 scrolls of teleportation
Potions
 b - a potion of heal wounds
 c - 2 potions of cancellation
 d - 2 potions of curing


   Skills:
 + Level 7.9 Fighting
 + Level 10.7 Axes
 + Level 7.8 Armour
 - Level 1.5 Dodging
 + Level 1.8 Evocations


You had 8 spell levels left.
You didn't know any spells.
Your spell library was empty.

Dungeon Overview and Level Annotations

Branches:
Dungeon (5/15)
 Temple: D:4-7

Altars:
Ru
Zin

Shops:
D:3 =

Annotations:
D:5 Pikel


Message History

You are exhausted.
You feel yourself slow down. The lemure closely misses you.
Pikel hits you with a +1 whip of electrocution.
Pikel closely misses you. The lemure barely misses you.
The lemure barely misses you. Pikel completely misses you.
Pikel zaps a wand.
The mass of ice explodes!
The iceblast engulfs you! The lemure hits you but does no damage.
Pikel hits you but does no damage. The lemure hits you but does no damage.
Pikel hits you with a +1 whip of electrocution.
Your skin crawls.
You feel strong-willed. The lemure barely misses you. Pikel closely misses you.
Okay, then.
Your chain mail prevents you from hitting Pikel.
Your chain mail prevents you from hitting the lemure.
The lemure hits you but does no damage.
Pikel says, "All the lords of Hell know my name!"
Pikel barely misses you. The lemure hits you.
You hit Pikel but do no damage. You hit the lemure.
Pikel hits you with a +1 whip of electrocution.
The lemure barely misses you.
A water moccasin skeleton comes into view.
You slash Pikel!
Pikel is moderately wounded.
You hit the lemure.
You kill the lemure!
That felt strangely unrewarding.
Pikel barely misses you. Pikel hits you but does no damage.
You are electrocuted!
* * * LOW HITPOINT WARNING * * *
Unknown command.
You completely miss Pikel.
Pikel is moderately wounded.
Pikel hits you with a +1 whip of electrocution.
* * * LOW HITPOINT WARNING * * *
You completely miss Pikel.
Pikel is moderately wounded.
Pikel hits you with a +1 whip of electrocution.
* * * LOW HITPOINT WARNING * * *
You are electrocuted!!
You die...

## .## ..## ...# #######
..####.#...##
....##......## ####
.............###..#
................@.#
................K##
.................Z####
..###..............#.# #
..#####..............#.#
........................
.............#........>.
.####........#...†......
. #...........#.#..##..


You could see Pikel and a water moccasin skeleton.

Vanquished Creatures
  A two-headed ogre (D:4)
  Sigmund (D:2)
  Menkaure (D:4)
  Edmund (D:4)
  A sky beast (D:5)
  An ice beast (D:5)
  3 ogres
  4 lemures (D:5)
  A kobold brigand (D:3)
  Blork the orc (D:4)
  2 scorpions (D:4)
  An orc priest (D:3)
  2 hounds (D:4)
  A centaur skeleton (D:5)
  Crazy Yiuf (D:3)
  A gnoll shaman (D:5)
  Terence (D:3)
  2 orc wizards (D:4)
  An iguana (D:5)
  A howler monkey zombie (D:5)
  Robin (D:3)
  3 adders
  5 gnolls (D:5)
  An adder skeleton (D:4)
  4 worms
  5 dart slugs
  9 orcs
  3 ball pythons
  5 endoplasms
  3 giant cockroaches
  11 hobgoblins
  6 jackals
  A quokka (D:3)
  6 bats
  2 frilled lizards
  10 goblins
  15 kobolds
  7 rats
  A butterfly (D:5)
126 creatures vanquished.

Vanquished Creatures (others)
  7 withered plants (D:3)
7 creatures vanquished.

Grand Total: 133 creatures vanquished

Notes
Turn   | Place    | Note
-------+----------+-------------------------------------------
     0 | D:1      | Squid the Hill Orc Berserker began the quest for the Orb.
     0 | D:1      | Reached XP level 1. HP: 19/19 MP: 1/1
   733 | D:1      | Reached XP level 2. HP: 27/27 MP: 2/2
  1416 | D:2      | Reached XP level 3. HP: 26/33 MP: 3/3
  1420 | D:2      | Reached skill level 5 in Axes
  2085 | D:2      | Reached XP level 4. HP: 17/40 MP: 4/4
  2386 | D:2      | Noticed Sigmund
  2396 | D:2      | Killed Sigmund
  2396 | D:2      | Reached ** piety under Trog
  2397 | D:2      | Reached skill level 6 in Axes
  2397 | D:2      | Reached XP level 5. HP: 47/47 MP: 5/5
  2558 | D:3      | Reached XP level 6. HP: 21/55 MP: 6/6
  2596 | D:3      | Found a faded altar of an unknown god.
  2826 | D:3      | Noticed Robin
  2854 | D:3      | Killed Robin
  3085 | D:3      | Reached skill level 5 in Fighting
  3085 | D:3      | Reached skill level 7 in Axes
  3223 | D:3      | Found Mofuff's Jewellery Shop.
  3266 | D:3      | Found a transporter.
  3267 | D:3      | Found a transporter.
  3277 | D:3      | Found a glowing silver altar of Zin.
  3283 | D:3      | Reached XP level 7. HP: 59/61 MP: 7/7
  3287 | D:3      | Reached skill level 5 in Armour
  3599 | D:3      | Noticed Terence
  3634 | D:3      | Killed Terence
  4202 | D:3      | Found a runed translucent door.
  4203 | D:3      | Noticed Crazy Yiuf
  4220 | D:3      | Killed Crazy Yiuf
  4220 | D:3      | Reached *** piety under Trog
  4672 | D:4      | Reached skill level 8 in Axes
  5153 | D:4      | Noticed Blork the orc
  5162 | D:4      | Killed Blork the orc
  5224 | D:4      | Found a sacrificial altar of Ru.
  5447 | D:4      | Noticed Menkaure
  5456 | D:4      | Killed Menkaure
  5457 | D:4      | Reached XP level 8. HP: 70/70 MP: 8/8
  5527 | D:4      | Noticed Edmund
  5545 | D:4      | Reached skill level 1 in Evocations
  5554 | D:4      | Killed Edmund
  5555 | D:4      | Reached skill level 9 in Axes
  5987 | D:4      | Noticed a two-headed ogre
  5994 | D:4      | Killed a two-headed ogre
  5995 | D:4      | Reached skill level 10 in Axes
  5995 | D:4      | Reached XP level 9. HP: 79/79 MP: 9/9
  6812 | D:5      | Entered Level 5 of the Dungeon
  7214 | D:5      | Noticed Pikel
  7270 | D:5      | Slain by Pikel

Illustrated notes

Levels and vault maps discovered:
D:1:      mrwooster_arrival_statue_2, layout_rooms, minivault_26,
          grunt_decor_fettered, serial_bayou_pond_e
D:2:      layout_loops_cross, kennysheep_generic_room_16, uniq_sigmund
D:3:      cheibrodos_thug_alley, layout_basic, gammafunk_temple_overflow_arena,
          serial_shops, shop, ebering_ecumenical_altar_petrified,
          uniq_crazy_yiuf_cottage, uniq_robin, uniq_terence
D:4:      layout_gridville, mainiacjoe_overflow_24_doors, uniq_blork_the_orc,
          uniq_edmund, uniq_menkaure
D:5:      layout_cave_pools, minmay_temple_entry_butterflies,
          minmay_fountain_box, uniq_pikel

Skill      XL: |  1  2  3  4  5  6  7  8 |
---------------+-------------------------+-----
Fighting       | 4 5 6 7 |  7.9
Axes           | 5 6 7 8 10 | 10.7
Armour         | 3 4 5 7 |  7.8
Evocations     | 1 |  1.8
Dodging        | |  1.5

Action                   |  1- 3 |  4- 6 |  7- 9 || total
-------------------------+-------+-------+-------++-------
Melee: Hand axe          |   117 |   104 |   252 ||   473
Invok: Berserk           |     1 |     3 |     5 ||     9
       Trog's Hand       |       |       |     1 ||     1
Evoke: Wand              |       |       |    16 ||    16
  Use: Scroll            |     5 |     3 |    10 ||    18
       Potion            |     3 |       |     1 ||     4
Armor: Ring mail         |    46 |    17 |    34 ||    97
       Animal skin       |     4 |       |       ||     4
       Chain mail        |       |       |    64 ||    64
Dodge: Dodged            |    71 |    39 |   119 ||   229

Table legend: (Time is in decaauts)
 A = Elapsed time spent in this place.
 B = Non-inter-level travel time spent in this place.
 C = Inter-level travel time spent in this place.
 D = Time resting spent in this place.
 E = Time spent auto-exploring this place.
 F = Levels seen in this place.
 G = Mean time per level.
                   A        B        C        D        E       F      G
               +--------+--------+--------+--------+--------+-----+--------+
         Total |   7306 |   7082 |    224 |   2374 |   3228 |   5 | 1461.2 |
       Dungeon |   7306 |   7082 |    224 |   2374 |   3228 |   5 | 1461.2 |
               +--------+--------+--------+--------+--------+-----+--------+

Top non-repeatable levels by time:
     D:4: 2163 daAuts
     D:3: 2128 daAuts
     D:2: 1632 daAuts
     D:1: 926 daAuts
     D:5: 456 daAuts
